 Dungeon Crawl Stone Soup version 0.23.1-37-gaa34b87 (webtiles) character file.

Game seed: 13122106403728409120

21 kae the Insei (level 2, -3/21 HPs)
             Began as a Demonspawn Transmuter on Mar 23, 2019.
             Slain by an adder (4 damage)
             ... on level 2 of the Dungeon.
             The game lasted 00:01:19 (1440 turns).

kae the Insei (Demonspawn Transmuter)               Turns: 1440, Time: 00:01:19

Health: -3/21      AC:  3    Str: 10    XL:     2   Next: 62%
Magic:  5/5        EV: 12    Int: 19    God:
Gold:   72         SH:  0    Dex: 13    Spells: 2/5 levels left

rFire    . . .     SeeInvis .   c - +0 club
rCold    . . .     Gourm    .   (no shield)
rNeg     . . .     Faith    .   b - +1 robe
rPois    .         Spirit   .   (no helmet)
rElec    .         Reflect  .   (no cloak)
rCorr    .         Harm     .   (no gloves)
MR       .....                  (no boots)
Stlth    +.........             (no amulet)
HPRegen  0.07/turn              (no ring)
MPRegen  0.09/turn              (no ring)

@: brilliant, lethally poisoned (-3 -> -10)
A: powered by death 1
a: no special abilities


You were on level 2 of the Dungeon.
You were not hungry.

You visited 1 branch of the dungeon, and saw 2 of its levels.

You collected 72 gold pieces.

Inventory:

Hand Weapons
 c - a +0 club (weapon)
 e - a +0 short sword of holy wrath
Missiles
 a - 47 arrows
Armour
 b - a +1 robe (worn)
Potions
 g - a potion of might
 h - a potion of brilliance
 i - a potion of invisibility {unknown}
Comestibles
 d - 8 rations
 f - a chunk of flesh


   Skills:
 + Level 1.5 Fighting
 - Level 1.7 Dodging
 * Level 3.2 Unarmed Combat
 - Level 2.0 Spellcasting
 + Level 2.1 Transmutations


You had 2 spell levels left.
You knew the following spells:

 Your Spells              Type           Power        Failure   Level  Hunger
a - Beastly Appendage     Tmut           ###...       1%          1    #......
b - Sticks to Snakes      Tmut           ###.....     1%          2    ###....

Your spell library contained the following spells:

 Spells                   Type           Power        Failure   Level  Hunger
 Spider Form              Tmut/Pois      ###.......   4%          3    ###....
 Ice Form                 Ice/Tmut       ###.....     12%         4    #####..
 Blade Hands              Tmut           ###.......   21%         5    ######.


Dungeon Overview and Level Annotations

Branches:
Dungeon (2/15)

Altars:

Annotations:
D:2 1 runed translucent door, Crazy Yiuf


Innate Abilities, Weirdness & Mutations

You regenerate a little health from kills.


Message History

The adder bites you. x2
* * * LOW HITPOINT WARNING * * *
You are lethally poisoned!
The adder poisons you!
You hit the adder.
The adder is severely wounded.
* * * LOW HITPOINT WARNING * * *
You feel sick. The adder closely misses you. The adder bites you.
* * * LOW HITPOINT WARNING * * *
You closely miss the adder.
The adder is severely wounded.
* * * LOW HITPOINT WARNING * * *
You feel sick. The adder barely misses you.
Unknown command.
Unknown command.
Unknown command.
It was a potion of brilliance.
You feel clever all of a sudden. The adder bites you but does no damage.
The adder bites you.
You die...

##### #...# #########
#...# #.......#
#####...####(.....)#####
...........+.......'....
...........#.......###.#
####...##.........# #.#
#..@###........# #.#
#..S# #........# #.#
#...# ##.##+#..# #.#
..$..# #.# #..###'#
......# #.# #..#....
........# #.# #....
........# ##. #....
........# . #....
#####....####'#


You could see an adder.

Vanquished Creatures
  A dart slug (D:1)
  6 hobgoblins
  2 bats (D:1)
  A frilled lizard (D:1)
  5 kobolds
  A rat (D:1)
16 creatures vanquished.

Vanquished Creatures (collateral kills)
  A worm (D:2)
1 creature vanquished.

Grand Total: 17 creatures vanquished

Notes
Turn   | Place    | Note
-------+----------+-------------------------------------------
     0 | D:1      | kae the Demonspawn Transmuter began the quest for the Orb.
     0 | D:1      | Reached XP level 1. HP: 15/15 MP: 3/3
   222 | D:1      | Reached skill level 3 in Unarmed Combat
   452 | D:1      | Gained mutation: You regenerate a little health from kills.
                  | [demonic ancestry]
   452 | D:1      | Reached XP level 2. HP: 11/21 MP: 5/5
  1349 | D:2      | Found a runed translucent door.
  1350 | D:2      | Noticed Crazy Yiuf
  1377 | D:2      | Learned a level 2 spell: Sticks to Snakes
  1439 | D:2      | HP: 1/21 [poisoned by an adder]
  1440 | D:2      | Slain by an adder

Skill      XL: |  1 |
---------------+----+-----
Unarmed Combat | 3 |  3.2
Transmutations | 2 |  2.1
Fighting       | |  1.5
Dodging        | |  1.7
Spellcasting   | |  2.0

Action                   || total
-------------------------++-------
Melee: Club              ||    64
       Unarmed           ||    14
       Kick              ||     6
       Headbutt          ||     1
 Cast: Beastly Appendage ||     6
       Sticks to Snakes  ||     2
  Use: Scroll            ||     3
       Potion            ||     1
  Eat: Chunk             ||     2
Armor: Robe              ||    13
Dodge: Dodged            ||    47
